 Dungeon Crawl Stone Soup version 0.24-a0-408-gcc1054c7ca (webtiles) character file.

Game seed: 12502791009233224152

65 Peloso the Skirmisher (level 3, -3/34 HPs)
             Began as a Minotaur Fighter on June 5, 2019.
             Slain by a gnoll
             ... wielding a +0 spear
              (6 damage)
             ... on level 2 of the Dungeon.
             The game lasted 00:02:57 (1414 turns).

Peloso the Skirmisher (Minotaur Fighter)            Turns: 1414, Time: 00:02:57

Health: -3/34      AC: 10    Str: 20    XL:     3   Next: 92%
Magic:  2/2        EV:  7    Int:  5    God:
Gold:   134        SH:  9    Dex: 10    Spells: 2/2 levels left

rFire    + + .     SeeInvis +   a - +0 long sword
rCold    x . .     Gourm    .   c - +0 shield
rNeg     . . .     Faith    .   p - +0 fire dragon scales
rPois    .         Spirit   .   (helmet restricted)
rElec    .         Reflect  .   (no cloak)
rCorr    .         Harm     .   r - +0 pair of gloves
MR       .....                  (no boots)
Stlth    ..........             (no amulet)
HPRegen  0.11/turn              i - ring of see invisible
MPRegen  0.08/turn              (no ring)

@: no status effects
A: retaliatory headbutt, horns 2
a: no special abilities


You were on level 2 of the Dungeon.
You were not hungry.

You visited 1 branch of the dungeon, and saw 2 of its levels.

You collected 134 gold pieces.

Inventory:

Hand Weapons
 a - a +0 long sword (weapon)
Armour
 b - a +0 scale mail
 c - a +0 shield (worn)
 p - +0 fire dragon scales (worn)
 r - a +0 pair of gloves (worn)
Jewellery
 i - a ring of see invisible (left hand)
Scrolls
 e - 6 scrolls of identify {unknown}
 g - 2 scrolls of enchant armour {unknown}
 h - a scroll of random uselessness {unknown}
 k - a scroll of remove curse {unknown}
 o - a scroll of magic mapping {unknown}
 s - a scroll of blinking {unknown}
 t - a scroll of teleportation {unknown}
 u - a scroll of enchant weapon {unknown}
Potions
 d - 3 potions of might
 j - a potion of berserk rage {unknown}
 l - a potion of lignification {unknown}
 m - a potion of ambrosia {unknown}
 n - a potion of heal wounds {unknown}
 q - a potion of curing
Comestibles
 f - 2 rations
 v - 2 chunks of flesh


   Skills:
 + Level 4.4 Fighting
 + Level 3.1 Long Blades
 + Level 3.9 Armour
 + Level 1.0 Dodging
 + Level 4.3 Shields


You had 2 spell levels left.
You didn't know any spells.
Your spell library was empty.

Dungeon Overview and Level Annotations

Branches:
Dungeon (2/15)

Altars:
Kikubaaqudgha


Innate Abilities, Weirdness & Mutations

You reflexively headbutt those who attack you in melee.
You have a pair of horns on your head.


Message History

You block the gnoll's attack. The gnoll hits you with a +0 halberd!
The gnoll hits you but does no damage.
You closely miss the gnoll. You block the gnoll's attack.
The gnoll hits you from afar with a +0 spear.
Your shield and fire dragon scales prevent you from hitting the gnoll.
Your headbutt misses the gnoll. The gnoll closely misses you.
You block the gnoll's attack.
You slash the gnoll! You headbutt the gnoll.
The gnoll is severely wounded.
You block the gnoll's attack. The gnoll hits you with a +0 halberd.
You block the gnoll's attack.
You barely miss the gnoll.
The gnoll is severely wounded.
The gnoll hits you but does no damage. The gnoll barely misses you.
You hit the gnoll.
The gnoll is almost dead.
The gnoll hits you with a +0 halberd!
* * * LOW HITPOINT WARNING * * *
The gnoll hits you from afar with a +0 spear.
You die...

####.## #.#######################
....... .......................[
...... ........................
#....####K#..#.....##........###.
#...w.....#..(.###.##........# #.
#......# #....###.##........# #.
###...w####.#.w....##........# ##
#.....g.K†g.#.g..............# #
#.###########..g@.<#.........####
#†# ......#..............'...


bg# ### #######..)...........#### ..# ... .....'..............####
..#.#.######..#.........###.##... #.#.#.#.......(...#########+##'##
'...#.#..########.####........... #.###.#...##....#...##.###.......
#.......⌠....≈_.#...##...#....... You could see 2 gnolls and a dart slug.

Vanquished Creatures
  2 gnolls
  An adder (D:2)
  A dart slug (D:2)
  2 leopard geckos (D:1)
  6 bats
  3 giant cockroaches (D:2)
  4 goblins
  4 hobgoblins
  A frilled lizard (D:1)
  5 kobolds
  4 rats
33 creatures vanquished.

Notes
Turn   | Place    | Note
-------+----------+-------------------------------------------
     0 | D:1      | Peloso the Minotaur Fighter began the quest for the Orb.
     0 | D:1      | Reached XP level 1. HP: 19/19 MP: 0/0
    55 | D:1      | Reached XP level 2. HP: 15/27 MP: 1/1
   862 | D:2      | Reached XP level 3. HP: 33/33 MP: 2/2
  1061 | D:2      | Found an ancient bone altar of Kikubaaqudgha.
  1375 | D:1      | Reached skill level 1 in Dodging
  1414 | D:2      | Slain by a gnoll

Levels and vault maps discovered:
D:1:      mrwooster_arrival_statue, layout_loops_cross, serial_glass,
          glass_columns_b, glass_columns_b, minmay_misc_feat_secret_circle
D:2:      layout_basic, kiku_gazebo_pond_becter

Skill      XL: |  1  2  3 |
---------------+----------+-----
Shields        | 4 |  4.3
Fighting       | 4 |  4.4
Long Blades    | 3 |  3.1
Dodging        | 1 |  1.0
Armour         | |  3.9

Action                   || total
-------------------------++-------
Melee: Long sword        ||    85
       Headbutt          ||    17
  Eat: Chunk             ||     2
Armor: Scale mail        ||    30
       Fire dragon scale ||    22
Dodge: Dodged            ||    36
Block: Shield            ||    56
       Rpst.: Long sword ||    12

Table legend:
 A = Non-vault XP
 B = Vault XP
 C = Vault XP percentage of total XP
 D = Non-vault monster count
 E = Vault monster count
 F = Vault count percentage of total count
                 A         B        C        D         E       F
            +---------+---------+-------+---------+---------+-------
      Total |      93 |       0 |   0.0 |      33 |       0 |   0.0
            +---------+---------+-------+---------+---------+-------
        D:1 |      41 |       0 |   0.0 |      17 |       0 |   0.0
        D:2 |      52 |       0 |   0.0 |      16 |       0 |   0.0
            +---------+---------+-------+---------+---------+-------
